 Dungeon Crawl Stone Soup version 0.24.0-13-gcf9b319 (webtiles) character file.

Game seed: 12001400040101652548, levelgen mode: deterministic

239 Fang the Skirmisher (level 6, 0/58 HPs)
             Began as a Gargoyle Berserker on Dec 3, 2019.
             Was a Believer of Trog.
             Slain by an ogre
             ... wielding a +0 giant club
              (17 damage)
             ... on level 4 of the Dungeon.
             The game lasted 00:02:56 (2252 turns).

Fang the Skirmisher (Gargoyle Berserker)            Turns: 2252, Time: 00:02:56

Health: 0/58       AC:  6    Str: 27    XL:     6   Next: 7%
Magic:  6/6        EV: 12    Int:  8    God:    Trog [**....]
Gold:   115        SH:  0    Dex:  9    Spells: 5/5 levels left

rFire    . . .     SeeInvis .   a - +0 hand axe
rCold    + . .     Gourm    .   (no shield)
rNeg     + . .     Faith    .   b - +0 animal skin
rPois    ∞         Spirit   .   (no helmet)
rElec    +         Reflect  .   (no cloak)
rCorr    .         Harm     .   (no gloves)
MR       .....                  (no boots)
Stlth    ..........             (no amulet)
HPRegen  0.19/turn              q - ring of protection from cold
MPRegen  0.10/turn              (no ring)

@: berserking, very quick
A: negative energy resistance 1, electricity resistance, unbreathing,
petrification resistance, rot immunity, AC +4
a: Berserk, Trog's Hand, Renounce Religion


You were on level 4 of the Dungeon.
You worshipped Trog.
Trog was pleased with you.
You were hungry.

You visited 1 branch of the dungeon, and saw 4 of its levels.

You collected 115 gold pieces.

Inventory:

Hand Weapons
 a - a +0 hand axe (weapon)
Armour
 b - a +0 animal skin (worn)
Jewellery
 q - a ring of protection from cold (left hand)
Scrolls
 e - a scroll of magic mapping {unknown}
 f - 7 scrolls of identify {unknown}
 g - 2 scrolls of remove curse {unknown}
 j - a scroll of noise {unknown}
 k - a scroll of enchant weapon {unknown}
 l - 2 scrolls of immolation {unknown}
 n - a scroll of blinking {unknown}
 o - a scroll of amnesia {unknown}
 p - a scroll of fog {unknown}
 r - a scroll of teleportation {unknown}
Potions
 d - a potion of heal wounds {unknown}
 i - a potion of haste {unknown}
 m - a potion of agility {unknown}
Comestibles
 c - 6 rations
 h - 10 chunks of flesh


   Skills:
 + Level 4.5 Fighting
 + Level 3.7 Axes
 + Level 3.8 Armour
 + Level 2.8 Dodging


You had 5 spell levels left.
You didn't know any spells.
Your spell library was empty.

Dungeon Overview and Level Annotations

Branches:
Dungeon (4/15)
 Temple: D:4-7

Altars:


Innate Abilities, Weirdness & Mutations

You are resistant to torment.
Your stone body is resilient. (AC +4)
You are immune to poison.
You resist negative energy. (rN+)
You are resistant to electric shocks. (rElec)
You can survive without breathing.
You are immune to petrification.
You are immune to rotting.


Message History

You hit the ogre but do no damage.
The ogre is heavily wounded.
The ogre hits you with a +0 giant club!
* * * LOW HITPOINT WARNING * * *
You are too injured to fight recklessly!
You are too injured to fight recklessly!
You are too injured to fight recklessly!
You are too injured to fight recklessly!
You are too injured to fight recklessly!
You are too injured to fight recklessly!
You are too injured to fight recklessly!
You are too injured to fight recklessly!
You are too injured to fight recklessly!
A red film seems to cover your vision as you go berserk!
You feel yourself moving faster!
You feel mighty!
You are feeling hungry.
You barely miss the ogre.
The ogre is heavily wounded.
The ogre hits you with a +0 giant club!
You die...

### #. ..# #.# #.#
#.# ###### #O# #.#
#....# #@# #.#
#.##.####.#
####.###.##(#....#
......##.##.#.####
.........##.#.####
......#####.#....#
......# #.####.#
......# #.# #.#
......# #.####.#


You could see an ogre.

Vanquished Creatures
  A hound (D:2)
  A worker ant (D:4)
  6 adders (D:2)
  4 gnolls (D:2)
  2 oozes
  3 worms
  4 dart slugs
  3 leopard geckos
  An orc (D:3)
  6 bats
  4 giant cockroaches
  8 goblins
  3 hobgoblins
  7 jackals (D:1)
  3 quokkas (D:2)
  3 frilled lizards
  6 kobolds
  6 rats
71 creatures vanquished.

Notes
Turn   | Place    | Note
-------+----------+-------------------------------------------
     0 | D:1      | Fang the Gargoyle Berserker began the quest for the Orb.
     0 | D:1      | Reached XP level 1. HP: 14/14 MP: 1/1
   122 | D:1      | Reached XP level 2. HP: 14/19 MP: 2/2
   199 | D:1      | Reached XP level 3. HP: 16/23 MP: 3/3
   210 | D:1      | Reached ** piety under Trog
   961 | D:2      | Reached XP level 4. HP: 18/29 MP: 4/4
  1086 | D:2      | Reached skill level 4 in Fighting
  1377 | D:2      | Reached XP level 5. HP: 33/33 MP: 5/5
  2141 | D:3      | You fall into a shaft and drop 1 floor!
  2167 | D:4      | Reached XP level 6. HP: 34/39 MP: 6/6
  2252 | D:4      | Slain by an ogre

Levels and vault maps discovered:
D:1:      lightli_molten_gateway, layout_loops_corners, hangedman_decor_growths,
          minmay_misc_feat_square
D:2:      layout_loops_ring
D:3:      layout_rooms, minmay_crystal_water
D:4:      layout_basic, first_ration, fedhas_altar_2

Skill      XL: |  1  2  3  4 |
---------------+-------------+-----
Dodging        | 2 |  2.8
Axes           | 3 |  3.7
Armour         | 3 |  3.8
Fighting       | 4 |  4.5

Action                   |  1- 3 |  4- 6 || total
-------------------------+-------+-------++-------
Melee: Hand axe          |   130 |   179 ||   309
Invok: Berserk           |       |     3 ||     3
       Trog's Hand       |       |     1 ||     1
  Eat: Chunk             |       |     7 ||     7
Armor: Animal skin       |    68 |    53 ||   121
Dodge: Dodged            |   103 |   112 ||   215
